 Dungeon Sprint DCSS version 0.17-a0-1450-g7e755d1 (webtiles) character file.

10836 pulse the Bludgeoner (level 11, -7/76 HPs)
             Began as a Gargoyle Fighter on June 30, 2015.
             Was the Champion of Trog.
             Killed by divine providence
             ... invoked by an orc priest
              (10 damage)
             ... in the Dungeon (Sprint IX: "|||||||||||||||||||||||||||||").
             The game lasted 00:07:52 (1758 turns).

pulse the Bludgeoner (Gargoyle Fighter)             Turns: 1758, Time: 00:07:54

Health: -7/76      AC: 26    Str: 22    XL:     11   Next: 68%
Magic:  4/4        EV:  7    Int: 12    God:    Trog [******]
Gold:   1250       SH: 13    Dex: 13    Spells: 0 memorised, 10 levels left

rFire  . . .     SeeInvis .     v - +2 morningstar (antimagic)
rCold  . . .     Clarity  .     r - +0 plate armour
rNeg   + . .     SustAt   .     c - +0 shield
rPois  ∞         Gourm    .     p - +0 helmet
rElec  +         Spirit   .     y - +0 cloak
rCorr  .         Warding  .     q - +0 pair of gloves
rMut   .         NoTele   +     (no boots)
MR     .....                    (no amulet)
Stlth  ..........               s - +3 ring of intelligence
                                t - +3 ring of dexterity

@: exhausted, slowed, very slow, not resistant to hostile enchantments,
extremely unstealthy
A: negative energy resistance 1, electricity resistance, unbreathing,
petrification resistance, rot immunity, AC +7
a: Burn Spellbooks, Berserk, Trog's Hand, Brothers in Arms, Renounce Religion


You were in the Dungeon.
You worshipped Trog.
Trog was exalted by your worship.
You were hungry.

You visited 1 branch You collected 1250 gold pieces.

Inventory:

Hand weapons
 v - a +2 antimagic morningstar (weapon)
Armour
 c - a +0 shield (worn)
 p - a +0 helmet (worn)
 q - a +0 pair of gloves (worn)
 r - a +0 plate armour (worn)
 y - a +0 cloak (worn)
Jewellery
 s - a +3 ring of intelligence (right hand)
 t - a +3 ring of dexterity (left hand)
Magical devices
 n - a wand of fire (5)
Scrolls
 d - 4 scrolls of enchant armour
 k - 2 scrolls of blinking
 m - 3 scrolls of remove curse
 u - 3 scrolls of fear
Potions
 a - a potion of brilliance
 b - a potion of cure mutation
 e - 3 potions of flight
 f - a potion of invisibility
 g - 5 potions of heal wounds
 h - 2 potions of haste
 i - 4 potions of magic
 j - a potion of berserk rage
 l - 6 potions of curing
Comestibles
 o - 40 fruits
 w - 12 bread rations
 x - 12 meat rations


   Skills:
 + Level 12.0 Fighting
 * Level 20.3 Maces & Flails
 + Level 10.3 Armour
 - Level 2.3 Dodging
 + Level 12.6 Shields
 + Level 2.9 Evocations


You had 10 spell levels left.
You didn't know any spells.

Dungeon Overview and Level Annotations

Branches:
Dungeon (1/1)

Altars:
Cheibriados
Dithmenos
Elyvilon
Fedhas
Gozag
Kikubaaqudgha
Makhleb
Nemelex Xobeh
Okawaru
Qazlal
Ru
Sif Muna
Trog
Vehumet
Xom
Yredelemnul
Zin
The Shining One
Beogh
Jiyva
Lugonu

Shops:
D !?!


Innate Abilities, Weirdness & Mutations

You are resistant to torment.
Your stone body is resilient (AC +7).
You are immune to poison.
You resist negative energy.
You are resistant to electric shocks.
You can survive without breathing.
You are immune to petrification.
You are immune to rotting.


Message History

Unknown command.
You impale the orc high priest!!
The orc high priest is almost dead.
The orc high priest hits you but does no damage.
The red devil hits you but does no damage.
You barely miss the orc high priest.
The orc high priest is almost dead.
The orc high priest hits you with a trident.
The orc priest mumbles some strange prayers to Beogh against you.
Something smites you!
* * * LOW HITPOINT WARNING * * *
You block the red devil's attack.
You barely miss the orc high priest.
The orc high priest is almost dead.
The orc high priest calls down the wrath of Beogh upon you.
Something smites you!
* * * LOW HITPOINT WARNING * * *
The orc priest invokes the aid of Beogh against you.
Something smites you!
You die...

___________'.?|)....[†......))...
▓▓▓▓▓▓▓▓▓▓▓▓▓▓▓▓▓▓▓▓▓▓▓▓▓▓▓▓▓▓▓▓▓
.................................
▓▓▓▓▓▓▓▓▓▓▓▓▓▓▓▓▓▓▓▓▓▓▓▓▓▓▓▓▓▓▓▓▓
...†(%....)†.†...)........'..[[[.
▓▓▓▓▓▓▓▓▓▓▓▓▓▓▓▓▓▓▓▓▓▓▓▓▓▓▓▓▓▓▓▓▓
......)..........................
▓▓▓▓▓▓▓▓▓▓▓▓▓▓▓▓▓▓▓▓▓▓▓▓▓▓▓▓▓▓▓▓▓
)))).)......')4)@o3oo.o.
▓▓▓▓▓▓▓▓▓▓▓▓▓▓▓▓▓▓▓▓▓▓▓▓


You could see 2 orc high priests, a sun demon, a red devil and 2 orc priests.

Vanquished Creatures
  2 hydras (D)
  A centaur warrior (D)
  4 orc high priests (D)
  An orc knight (D)
  An ugly thing (D)
  4 spiny frogs (D)
  Psyche (D)
  2 black mambas (D)
  5 polar bears (D)
  2 hippogriffs (D)
  2 porcupines (D)
  2 water moccasins (D)
  8 orc warriors (D)
  A sky beast (D)
  4 black bears (D)
  An ogre (D)
  2 giant frogs (D)
  A big kobold (D)
  A killer bee (D)
  A crimson imp (D)
  4 orc priests (D)
  3 orc wizards (D)
  2 iguanas (D)
  2 worker ants (D)
  A gnoll (D)
  2 adders (D)
  A river rat (D)
  A shadow imp (D)
  A giant gecko (D)
  10 orcs (D)
  A hobgoblin (D)
  A kobold (D)
  A ball python (D)
  3 bats (D)
79 creatures vanquished.

Notes
Turn   | Place    | Note
--------------------------------------------------------------
     0 | D        | pulse the Gargoyle Fighter began the quest for the Orb.
     0 | D        | Reached XP level 1. HP: 14/14 MP: 1/1
    10 | D        | Reached skill level 4 in Shields
    18 | D        | Noticed a worker ant
    18 | D        | Noticed a sky beast
    18 | D        | Noticed an iguana
    21 | D        | Killed a worker ant
    21 | D        | Reached XP level 2. HP: 13/20 MP: 2/2
    21 | D        | Reached XP level 3. HP: 16/25 MP: 3/3
    38 | D        | Killed a sky beast
    38 | D        | Reached skill level 6 in Fighting
    38 | D        | Reached skill level 5 in Armour
    38 | D        | Reached skill level 1 in Dodging
    38 | D        | Reached XP level 4. HP: 13/32 MP: 4/4
    38 | D        | Reached XP level 5. HP: 15/37 MP: 5/5
    53 | D        | Killed an iguana
    53 | D        | Reached skill level 7 in Fighting
   337 | D        | Found a glowing silver altar of Zin.
   337 | D        | Found a glowing golden altar of the Shining One.
   337 | D        | Found an ancient bone altar of Kikubaaqudgha.
   337 | D        | Found a basalt altar of Yredelemnul.
   337 | D        | Found a shimmering altar of Xom.
   337 | D        | Found a radiant altar of Vehumet.
   338 | D        | Found an iron altar of Okawaru.
   339 | D        | Found a burning altar of Makhleb.
   340 | D        | Found a deep blue altar of Sif Muna.
   341 | D        | Found a bloodstained altar of Trog.
   342 | D        | Found a sparkling altar of Nemelex Xobeh.
   343 | D        | Found a white marble altar of Elyvilon.
   344 | D        | Found a roughly hewn altar of Beogh.
   345 | D        | Found a viscous altar of Jiyva.
   346 | D        | Found a corrupted altar of Lugonu.
   347 | D        | Found a blossoming altar of Fedhas.
   348 | D        | Found a snail-covered altar of Cheibriados.
   349 | D        | Found a shadowy altar of Dithmenos.
   351 | D        | Became a worshipper of Trog the Wrathful
   353 | D        | Found a stormy altar of Qazlal.
   354 | D        | Found an opulent altar of Gozag.
   355 | D        | Found a sacrificial altar of Ru.
   409 | D        | Noticed a water moccasin
   409 | D        | Noticed a killer bee
   414 | D        | Killed a water moccasin
   414 | D        | Reached skill level 8 in Fighting
   414 | D        | Reached skill level 5 in Maces & Flails
   414 | D        | Reached XP level 6. HP: 42/44 MP: 6/6
   417 | D        | Acquired Trog's first power
   432 | D        | Killed a killer bee
   434 | D        | Acquired Trog's second power
   442 | D        | Noticed an ogre
   442 | D        | Noticed a big kobold
   442 | D        | Noticed a worker ant
   442 | D        | Noticed a centaur warrior
   442 | D        | Noticed a brown ugly thing
   442 | D        | Noticed a crimson imp
   444 | D        | Killed an ogre
   446 | D        | Killed a big kobold
   446 | D        | Reached skill level 9 in Maces & Flails
   446 | D        | Reached XP level 7. HP: 40/49 MP: 7/7
   461 | D        | Killed a centaur warrior
   461 | D        | Reached skill level 13 in Maces & Flails
   461 | D        | Reached skill level 1 in Evocations
   461 | D        | Reached XP level 8. HP: 33/54 MP: 8/8
   480 | D        | Killed a brown ugly thing
   480 | D        | Reached skill level 14 in Maces & Flails
   482 | D        | Killed a worker ant
   498 | D        | Killed a crimson imp
   736 | D        | Noticed a spiny frog
   736 | D        | Noticed a black mamba
   736 | D        | Noticed a six-headed hydra
   736 | D        | Noticed an iguana
   736 | D        | Noticed a porcupine
   737 | D        | Noticed a porcupine
   739 | D        | Killed a spiny frog
   739 | D        | Acquired Trog's third power
   739 | D        | Reached skill level 15 in Maces & Flails
   739 | D        | Reached XP level 9. HP: 58/60 MP: 8/10
   739 | D        | Killed an iguana
   743 | D        | Noticed a hippogriff
   743 | D        | Killed a six-headed hydra
   745 | D        | Noticed a giant frog
   747 | D        | Killed a black mamba
   747 | D        | Reached skill level 16 in Maces & Flails
   751 | D        | Killed a porcupine
   754 | D        | Killed a porcupine
   765 | D        | Killed a hippogriff
   770 | D        | Killed a giant frog
   770 | D        | Received a gift from Trog
   770 | D        | Reached skill level 10 in Shields
   985 | D        | Noticed a spiny frog
   985 | D        | Noticed a giant frog
   985 | D        | Noticed a polar bear
   985 | D        | Noticed a seven-headed hydra
   985 | D        | Noticed a spiny frog
   985 | D        | Noticed a black mamba
   989 | D        | Noticed a hippogriff
   989 | D        | Killed a giant frog
   989 | D        | Reached XP level 10. HP: 44/66 MP: 3/11
   992 | D        | Killed a seven-headed hydra
   992 | D        | Reached skill level 17 in Maces & Flails
   994 | D        | Noticed a water moccasin
   996 | D        | Killed a spiny frog
   996 | D        | Reached skill level 10 in Fighting
   997 | D        | Killed a polar bear
  1000 | D        | Noticed a spiny frog
  1000 | D        | Killed a spiny frog
  1003 | D        | Killed a black mamba
  1008 | D        | Killed a hippogriff
  1017 | D        | Killed a water moccasin
  1019 | D        | Killed a spiny frog
  1019 | D        | Received a gift from Trog
  1019 | D        | Reached skill level 18 in Maces & Flails
  1132 | D        | Noticed a polar bear
  1132 | D        | Noticed a polar bear
  1132 | D        | Noticed a polar bear
  1132 | D        | Noticed a polar bear
  1132 | D        | Noticed a black bear
  1132 | D        | Noticed a black bear
  1137 | D        | Noticed a black bear
  1156 | D        | Killed a polar bear
  1156 | D        | Received a gift from Trog
  1162 | D        | Killed a polar bear
  1165 | D        | Killed a polar bear
  1168 | D        | Killed a black bear
  1172 | D        | Killed a black bear
  1176 | D        | Killed a polar bear
  1176 | D        | Reached XP level 11. HP: 73/73 MP: 3/13
  1179 | D        | Killed a black bear
  1179 | D        | Received a gift from Trog
  1180 | D        | Noticed a black bear
  1194 | D        | Killed a black bear
  1369 | D        | Noticed Psyche
  1375 | D        | Killed Psyche
  1453 | D        | Noticed an orc warrior
  1453 | D        | Noticed an orc wizard
  1453 | D        | Noticed an orc priest
  1455 | D        | Killed an orc wizard
  1458 | D        | Killed an orc warrior
  1461 | D        | Killed an orc priest
  1461 | D        | Received a gift from Trog
  1463 | D        | Noticed an orc priest
  1469 | D        | Noticed an orc wizard
  1470 | D        | Killed an orc priest
  1480 | D        | Killed an orc wizard
  1480 | D        | Received a gift from Trog
  1531 | D        | Noticed an orc warrior
  1531 | D        | Noticed an orc knight
  1531 | D        | Noticed an orc warrior
  1531 | D        | Noticed an orc warrior
  1545 | D        | Noticed an orc warrior
  1549 | D        | Noticed an orc warrior
  1549 | D        | Killed an orc knight
  1549 | D        | Reached skill level 19 in Maces & Flails
  1552 | D        | Killed an orc warrior
  1552 | D        | Reached skill level 10 in Armour
  1553 | D        | Noticed an orc warrior
  1557 | D        | Killed an orc warrior
  1558 | D        | Noticed an orc wizard
  1562 | D        | Killed an orc warrior
  1563 | D        | Received a gift from Trog
  1567 | D        | Killed an orc warrior
  1569 | D        | Noticed an orc high priest
  1573 | D        | Noticed an orc warrior
  1574 | D        | Killed an orc warrior
  1587 | D        | Killed an orc warrior
  1589 | D        | Killed an orc wizard
  1602 | D        | Killed an orc high priest
  1602 | D        | Received a gift from Trog
  1608 | D        | Killed an orc warrior
  1717 | D        | Found Warghyman's Distillery.
  1717 | D        | Noticed an orc high priest
  1717 | D        | Noticed an orc high priest
  1717 | D        | Noticed an orc priest
  1717 | D        | Noticed an orc high priest
  1717 | D        | Noticed an orc high priest
  1718 | D        | Noticed an orc priest
  1724 | D        | Killed an orc high priest
  1725 | D        | Found Vuw Gaal's Magic Scroll Shoppe.
  1725 | D        | Noticed an orc high priest
  1729 | D        | Killed an orc high priest
  1729 | D        | Reached skill level 20 in Maces & Flails
  1730 | D        | Noticed an orc priest
  1731 | D        | Killed an orc priest
  1736 | D        | Found Luuzut Fofin's Distillery.
  1737 | D        | Noticed an orc priest
  1742 | D        | Killed an orc high priest
  1742 | D        | Received a gift from Trog
  1746 | D        | HP: 1/76 [orc high priest/trident (5)]
  1749 | D        | Killed an orc priest
  1750 | D        | Noticed a sun demon
  1758 | D        | HP: 3/76 [orc high priest/divine providence (11)]
  1758 | D        | Killed from afar by an orc priest

Vault maps used:
D:        linesprint

Action                   |  1- 3 |  4- 6 |  7- 9 | 10-12 || total
-------------------------+-------+-------+-------+-------++-------
Melee: Flail             |    27 |    42 |    79 |       ||   148
       Morningstar       |       |       |     1 |   200 ||   201
Invok: Berserk           |       |       |       |     3 ||     3
Evoke: Wand              |       |     1 |     5 |     3 ||     9
  Use: Potion            |       |     2 |     1 |     2 ||     5
       Scroll            |       |       |       |     1 ||     1
  Eat: Chunk             |       |       |       |     1 ||     1
       Bread ration      |       |       |       |     1 ||     1
